 Dungeon Crawl Stone Soup version 0.20.0 (webtiles) character file.

150037 Llamajah the Protected (level 18, -4/147 HPs)
             Began as a Formicid Fighter on June 6, 2017.
             Was a High Priest of Okawaru.
             Slain by a catoblepas (5 damage)
             ... led by Polyphemus
             ... on level 3 of the Shoals on June 7, 2017.
             The game lasted 03:32:05 (42148 turns).

Llamajah the Protected (Formicid Fighter)          Turns: 42148, Time: 03:32:06

Health: -4/147     AC: 25    Str: 29    XL:     18   Next: 15%
Magic:  27/27      EV:  2    Int:  7    God:    Okawaru [*****.]
Gold:   1699       SH:  0    Dex: 14    Spells: 17/17 levels left

rFire    + + .     SeeInvis +   Z - +7 hand axe of Valour {speed, +Blink}
rCold    + . .     Gourm    .   c - +4 shield
rNeg     + + +     Faith    +   t - +1 plate armour {rF+}
rPois    ∞         Spirit   .   (helmet unavailable)
rElec    +         Reflect  .   H - +1 cloak {+Inv}
rCorr    +         Harm     .   z - +2 pair of gloves {Dex+3}
MR       ++...                  P - +0 pair of boots {Fly}
Stlth    ..........             p - amulet of faith
Regen    0.4/turn               S - ring of protection from magic
MPRegen  0.2/turn               B - +3 ring of evasion

@: resistant, petrified, flying, mesmerised
A: permanent stasis, dig shafts and tunnels, four strong arms, antennae 3,
MP-powered wands
a: Dig, Shaft Self, Heroism, Finesse, Renounce Religion, Evoke Invisibility,
Stop Flying


You were on level 3 of the Shoals.
You worshipped Okawaru.
Okawaru was extremely pleased with you.
You were not hungry.

You visited 8 branches of the dungeon, and saw 30 of its levels.
You visited 1 bazaar.
You also visited: Labyrinth and Sewer.

You collected 2762 gold pieces.
You spent 1063 gold pieces at shops.

Inventory:

Hand Weapons
 l - a +8 battleaxe of flaming
 u - the +6 broad axe "Keivest" {flame, rN+ Str+2}
   (Okawaru gifted it to you on level 12 of the Dungeon)

   It has been specially enchanted to burn those struck by it, causing extra
   injury to most foes and up to half again as much damage against particularly
   susceptible opponents.
   Big, fiery blades are also staple armaments of hydra-hunters.
   It affects your strength (+2).
   It protects you from negative energy.
 x - the +7 arbalest "Punniboq" {freeze, rC+ Dex-3 Stlth+}
   (Okawaru gifted it to you on level 1 of the Spider Nest)

   It causes projectiles fired from it to freeze those they strike, causing
   extra injury to most foes and up to half again as much damage against
   particularly susceptible opponents.
   They can also slow down cold-blooded creatures.
   It affects your dexterity (-3).
   It protects you from cold.
   It makes you more stealthy.
 K - a +0 executioner's axe
 R - the +6 war axe "Worm's Wrath" {freeze, MR+ Int+3}
   (You found it on level 13 of the Dungeon)

   It has been specially enchanted to freeze those struck by it, causing extra
   injury to most foes and up to half again as much damage against particularly
   susceptible opponents.
   It can also slow down cold-blooded creatures.
   It affects your intelligence (+3).
   It affects your resistance to hostile enchantments.
 Z - the +7 hand axe of Valour (weapon) {speed, +Blink}
   (Okawaru gifted it to you on level 11 of the Dungeon)

   Attacks with this weapon are significantly faster.
   It lets you blink.
Missiles
 e - 351 bolts
Armour
 c - a +4 shield (worn)
 t - a +1 plate armour of fire resistance (worn)
 z - a +2 pair of gloves of dexterity (worn)
 G - the +0 pair of boots "Emenygos" {rN+ Dex+4 SInv}
   (Okawaru gifted it to you on level 4 of the Lair of Beasts)

   It affects your dexterity (+4).
   It protects you from negative energy.
   It lets you see invisible.
 H - a +1 cloak of invisibility (worn)
 O - a +1 pair of boots of running
 P - a +0 pair of boots of flying (worn)
Jewellery
 p - an amulet of faith (around neck)
 w - a +4 ring of strength
 B - a +3 ring of evasion (right hand)
 S - a ring of protection from magic (left hand)
Wands
 b - a wand of flame (7/48)
 o - a wand of random effects (32/48)
 D - a wand of polymorph (10/24)
 E - a wand of acid (10/15)
 M - a wand of acid (10/15)
 Q - a wand of iceblast (12/15)
 U - a wand of confusion (30/48)
 X - a wand of paralysis (7/24)
Scrolls
 a - 8 scrolls of remove curse
 i - a scroll of fear
 k - 2 scrolls of fog
 m - 3 scrolls of identify
 n - a scroll of holy word
 q - 4 scrolls of magic mapping
 s - 3 scrolls of recharging
 y - 4 scrolls of amnesia
 A - a scroll of vulnerability
 Y - a scroll of silence
Potions
 h - 3 potions of magic
 v - 4 potions of lignification
 J - 5 potions of brilliance
 L - 4 potions of agility
 N - a potion of cancellation
 V - a potion of resistance
Comestibles
 d - 18 royal jellies
 f - 9 bread rations
 g - 10 fruits
 r - 13 meat rations


   Skills:
 * Level 14.4 Fighting
   Level 3.4 Long Blades
 + Level 12.1 Axes
 - Level 5.9 Crossbows
 * Level 14.8 Armour
 + Level 11.1 Dodging
 - Level 10.8 Stealth
 - Level 10.3 Shields
 - Level 7.7 Invocations
 + Level 12.3 Evocations


You had 17 spell levels left.
You didn't know any spells.

Dungeon Overview and Level Annotations

Branches:
Dungeon (15/15)            Temple (1/1) D:4            Lair (6/6) D:9
 Shoals (3/4) Lair:3       Spider (1/4) Lair:4        Slime (0/5) Lair:5
    Orc (2/2) D:11            Elf (1/3) Orc:2        Vaults (0/5) D:14
 Depths (1/5) D:15

Altars:
Ashenzari
Cheibriados
Dithmenos
Elyvilon
Fedhas
Gozag
Hepliaklqana
Kikubaaqudgha
Makhleb
Nemelex Xobeh
Okawaru
Qazlal
Ru
Sif Muna
Trog
Uskayaw
Vehumet
Xom
Yredelemnul
Zin
The Shining One
Beogh

Shops:
D:4 [   D:14 *((   D:15 [   Orc:2 ([(   Shoals:2 (

Annotations:
D:5 1 runed door


Innate Abilities, Weirdness & Mutations

You cannot be hasted, slowed, berserked, paralysed or teleported.
You can dig through walls and to a lower floor.
Your four strong arms can wield two-handed weapons with a shield.
You have a pair of large antennae on your head. (SInv)
You expend magic power (3 MP) to strengthen your wands.


Message History

You are engulfed in calcifying dust.
The merfolk avatar chants its luring song.
The catoblepas gores you but does no damage.
The death yak gores you!
* * * LOW HITPOINT WARNING * * *
The catoblepas gores you.
* * * LOW HITPOINT WARNING * * *
The merfolk avatar chants its luring song.
The death yak gores you but does no damage.
The catoblepas gores you but does no damage.
The merfolk avatar chants its luring song.
The death yak gores you!
* * * LOW HITPOINT WARNING * * *
The catoblepas gores you!!
* * * LOW HITPOINT WARNING * * *
The merfolk avatar chants its luring song.
The death yak gores you!
* * * LOW HITPOINT WARNING * * *
The catoblepas gores you!
You die...

≈≈≈≈≈≈≈≈≈≈≈≈≈≈≈≈≈≈....≈≈≈≈≈≈≈
≈(≈≈≈≈≈≈≈≈≈≈≈≈≈≈≈.###..≈≈≈≈≈.
(≈≈≈≈≈≈≈≈≈≈≈≈≈≈≈.## ##..≈≈≈≈#
.≈≈≈≈≈≈≈≈≈≈≈≈≈≈≈.# #..≈≈≈.
.≈≈≈≈≈≈≈≈≈≈≈≈≈≈≈.## ##..≈≈
≈≈≈≈≈≈≈≈≈≈≈≈≈≈≈≈≈.#### ..≈≈
≈≈≈≈≈≈≈≈≈≈≈≈≈.≈.≈≈...## .≈≈
≈≈≈≈≈≈≈≈§≈≈≈...Y≈≈≈≈..###...≈
≈≈≈≈≈≈≈≈≈≈≈≈...Y@≈..........
≈≈≈≈≈≈≈≈≈≈≈≈≈≈≈m≈≈..........
≈≈≈≈≈≈≈≈≈≈≈≈≈≈≈≈≈≈##.....###
≈≈≈≈≈≈≈≈≈≈≈≈..≈≈≈≈###....#
≈≈≈≈≈≈≈≈≈≈≈≈)≈....# ##....
≈≈≈≈≈≈≈≈≈≈≈(≈≈≈...# #..≈≈
≈≈≈≈≈≈≈≈≈≈≈(≈≈≈...# ....
≈≈≈≈≈≈≈≈≈≈≈≈≈≈....# ...
≈≈≈≈≈≈≈≈≈≈≈≈....###


You could see a merfolk avatar, a death yak and a catoblepas.

Vanquished Creatures
  A kraken (Shoals:2)
  Polyphemus (Shoals:3)
  A deep elf sorcerer (Elf:1)
  2 deep elf annihilators
  The ghost of ultrashaft the Fetichist, a journeyman SpEn of Nemelex Xobeh (Lair:6)
  An ettin (D:15)
  A minotaur (Lab)
  Fannar (Lair:3)
  A merfolk impaler (Shoals:3)
  A yaktaur captain (D:15)
  Josephine (Lair:5)
  Erolcha (Orc:1)
  Harold (Lair:3)
  11 hydras
  2 centaur warriors
  9 two-headed ogres
  3 merfolk avatars
  8 dancing weapons
  A satyr (Shoals:3)
  4 orc high priests
  A deep troll earth mage (D:15)
  9 death yaks
  Sonja (D:13)
  5 deep elf knights (Elf:1)
  12 sea snakes
  Nergalle (Lair:3)
  4 deep trolls (D:15)
  An unseen horror (D:12)
  6 deep elf archers
  A necromancer (D:14)
  A wizard (D:14)
  Pikel (D:4)
  5 harpies (Shoals:2)
  3 wolf spiders (Spider:1)
  4 orc knights (Orc:2)
  17 deep elf magi
  4 oklob plants (Lair:6)
  An orb spider (Spider:1)
  2 ugly things
  7 manticores
  5 orc sorcerers
  4 cyclopes
  9 slime creatures
  5 fauns
  Maurice (D:10)
  5 black mambas
  5 merfolk sirens
  An ice statue (Shoals:3)
  A guardian serpent (D:14)
  Joseph (D:7)
  4 water nymphs
  29 spiny frogs
  3 gargoyles
  Psyche (D:9)
  3 centaur skeletons
  5 rime drakes
  A yaktaur (D:15)
  12 komodo dragons
  9 polar bears
  5 tyrant leeches (Lair:6)
  7 wind drakes
  2 queen bees
  20 blink frogs
  15 merfolk
  A hornet (D:8)
  3 snapping turtles
  12 hippogriffs
  Sigmund (D:3)
  2 shadows (D:11)
  4 wraiths
  2 tarantellas (Spider:1)
  An air elemental (Elf:1)
  3 redbacks
  35 yaks
  4 water elementals
  A wyvern (D:13)
  2 fire elementals
  8 hungry ghosts
  Grum (D:8)
  4 basilisks
  6 vampire mosquitoes (Lair:6)
  Eustachio (D:6)
  4 soldier ants
  2 acid dragons
  A warg (Orc:2)
  13 water moccasins
  Duvessa (D:7)
  7 porcupines
  9 black bears
  18 orc warriors
  2 sky beasts
  A necrophage (D:12)
  3 phantoms
  An eye of draining (D:13)
  An ice beast (D:6)
  A hornet zombie (D:10)
  18 wolves
  4 boggarts (Lair:6)
  13 ogres
  14 centaurs
  A centaur (shapeshifter) (Elf:1)
  A big kobold (D:12)
  15 crocodiles
  24 bullfrogs
  An earth elemental (Lab)
  Dowan (D:7)
  2 troll zombies (D:11)
  9 scorpions
  A water moccasin skeleton (D:6)
  43 killer bees
  13 wights
  2 electric eels (Lair:4)
  A howler monkey (D:6)
  7 crimson imps
  2 jellies
  3 centaur zombies
  A lava snake (Lair:5)
  15 orc priests
  3 bullfrog zombies
  6 hounds
  A gnoll shaman (D:7)
  23 orc wizards
  3 iguanas
  Natasha (twice) (D:3)
  18 worker ants
  6 ogre zombies (D:11)
  A hound zombie (D:5)
  A worker ant zombie (D:6)
  2 howler monkey skeletons
  15 adders
  5 gnolls (D:7)
  2 shadow imps
  2 adder skeletons
  An adder zombie (D:5)
  A worm (D:2)
  A dart slug (D:2)
  8 leopard geckos
  60 orcs
  6 ball pythons
  12 giant cockroaches
  10 goblins
  11 hobgoblins
  16 jackals
  4 quokkas
  4 bats
  11 frilled lizards
  A goblin skeleton (D:11)
  3 goblin zombies (D:11)
  2 hobgoblin skeletons (D:11)
  2 hobgoblin zombies (D:11)
  13 kobolds
  3 orc skeletons (D:11)
  14 orc zombies
  2 quokka skeletons
  2 quokka zombies
  7 rats
  A butterfly (D:5)
  7 fungi
  12 plants
  3 tentacles (Shoals:2)
944 creatures vanquished.

Vanquished Creatures (others)
  A deep elf mage (Elf:1)
  An orc (D:4)
  8 fungi
  38 plants
  3 tentacles (Shoals:2)
51 creatures vanquished.

Grand Total: 995 creatures vanquished

Notes
Turn   | Place    | Note
-------+----------+-------------------------------------------
     0 | D:1      | Llamajah the Formicid Fighter began the quest for the Orb.
     0 | D:1      | Reached XP level 1. HP: 18/18 MP: 1/1
    59 | D:1      | Reached XP level 2. HP: 17/24 MP: 2/2
    61 | D:1      | Reached skill level 1 in Stealth
   206 | D:1      | Reached XP level 3. HP: 29/29 MP: 3/3
   304 | D:1      | Reached skill level 1 in Dodging
   357 | D:1      | Found a blossoming altar of Fedhas.
   359 | D:1      | Found a white marble altar of Elyvilon.
   359 | D:1      | Found an ancient bone altar of Kikubaaqudgha.
   361 | D:1      | Found a sacrificial altar of Ru.
   361 | D:1      | Found a shimmering altar of Xom.
   361 | D:1      | Found a white marble altar of Elyvilon.
   684 | D:2      | Reached XP level 4. HP: 31/35 MP: 4/4
  1020 | D:2      | Found a burning altar of Makhleb.
  1242 | D:3      | Noticed Sigmund
  1252 | D:3      | Killed Sigmund
  1252 | D:3      | Reached XP level 5. HP: 24/42 MP: 5/5
  1252 | D:3      | Reached XP level 6. HP: 28/48 MP: 6/6
  1379 | D:3      | Found a faded altar of an unknown god.
  1627 | D:3      | Noticed Natasha
  1637 | D:3      | Killed Natasha
  1980 | D:3      | Noticed Natasha
  1987 | D:3      | Killed Natasha
  2044 | D:4      | Found an ancient bone altar of Kikubaaqudgha.
  2088 | D:4      | Found a staircase to the Ecumenical Temple.
  2098 | D:4      | Reached XP level 7. HP: 55/55 MP: 7/7
  2109 | Temple   | Entered the Ecumenical Temple
  2402 | Temple   | Became a worshipper of Warmaster Okawaru
  2445 | D:4      | Reached skill level 5 in Shields
  2493 | D:4      | Found a bloodstained altar of Trog.
  2505 | D:4      | Found Pirutah's Armour Boutique.
  2536 | D:4      | Found a glowing drain.
  2569 | Sewer    | Entered a sewer
  3189 | D:4      | Found a shadowy altar of Dithmenos.
  3218 | D:4      | Found a hazy altar of Hepliaklqana.
  3226 | D:4      | Noticed Pikel
  3238 | D:4      | Killed Pikel
  3238 | D:4      | Reached * piety under Okawaru
  3238 | D:4      | Reached ** piety under Okawaru
  3238 | D:4      | Reached skill level 5 in Fighting
  3238 | D:4      | Reached skill level 5 in Armour
  3238 | D:4      | Reached XP level 8. HP: 48/62 MP: 8/8
  3434 | D:5      | Entered Level 5 of the Dungeon
  3979 | D:5      | Found a runed door.
  3996 | D:5      | Found a runed door.
  4014 | D:5      | Reached skill level 5 in Stealth
  4014 | D:5      | Reached skill level 1 in Evocations
  4405 | D:5      | Reached skill level 1 in Invocations
  4596 | D:5      | Reached XP level 9. HP: 51/69 MP: 10/10
  4598 | D:5      | Reached *** piety under Okawaru
  5257 | D:6      | Noticed Eustachio
  5274 | D:6      | Killed Eustachio
  5902 | D:6      | Reached **** piety under Okawaru
  5902 | D:6      | Reached skill level 5 in Axes
  6087 | D:7      | Found a sparkling altar of Nemelex Xobeh.
  6135 | D:7      | Reached XP level 10. HP: 68/77 MP: 12/12
  6231 | D:7      | Noticed Dowan
  6234 | D:7      | Noticed Duvessa
  6247 | D:7      | Killed Dowan
  6259 | D:7      | Killed Duvessa
  6369 | D:7      | Noticed Joseph
  6384 | D:7      | Killed Joseph
  6838 | D:8      | Noticed Grum
  6859 | D:8      | Killed Grum
  7192 | D:8      | Noticed a two-headed ogre
  7212 | D:8      | Killed a two-headed ogre
  7212 | D:8      | Reached ***** piety under Okawaru
  7212 | D:8      | Reached skill level 5 in Dodging
  7822 | D:8      | Reached skill level 5 in Invocations
  8179 | D:9      | Noticed a two-headed ogre
  8189 | D:9      | Killed a two-headed ogre
  8189 | D:9      | Reached ****** piety under Okawaru
  8189 | D:9      | Reached XP level 11. HP: 53/84 MP: 14/14
  8325 | D:9      | Noticed Psyche
  8342 | D:9      | Found a staircase to the Lair.
  8444 | D:9      | Found a sacrificial altar of Ru.
  8444 | D:9      | Found a radiant altar of Vehumet.
  8444 | D:9      | Found a stormy altar of Qazlal.
  8479 | D:9      | Killed Psyche
  8479 | D:9      | Received a gift from Okawaru
  8526 | D:9      | Reached skill level 1 in Long Blades
  9524 | Lair:1   | Entered Level 1 of the Lair of Beasts
  9552 | Lair:1   | Reached skill level 5 in Evocations
  9558 | Lair:1   | Noticed an eight-headed hydra
  9601 | D:10     | Entered Level 10 of the Dungeon
  9693 | D:10     | Noticed a two-headed ogre
  9702 | D:10     | Killed a two-headed ogre
  9702 | D:10     | Received a gift from Okawaru
  9713 | D:10     | Got a transparent glaive {god gift}
  9951 | D:10     | Identified the +1 glaive of the Lesser Evil {venom, +Blink Str+6} (Okawaru gifted it to you on level 10 of the Dungeon)
 10010 | D:10     | Found a burning altar of Makhleb.
 10105 | D:10     | Noticed a two-headed ogre
 10123 | D:10     | Killed a two-headed ogre
 10363 | D:10     | Noticed Maurice
 10383 | D:10     | Killed Maurice
 10572 | D:11     | Received a gift from Okawaru
 10572 | D:11     | Reached XP level 12. HP: 93/93 MP: 16/16
 10573 | D:11     | Got a fine hand axe {god gift}
 10578 | D:11     | Identified the +7 hand axe of Valour {speed, +Blink} (Okawaru gifted it to you on level 11 of the Dungeon)
 10606 | D:11     | Noticed a two-headed ogre
 10618 | D:11     | Killed a two-headed ogre
 10901 | D:11     | Noticed a two-headed ogre
 10912 | D:11     | Killed a two-headed ogre
 11174 | D:11     | Found a staircase to the Orcish Mines.
 11741 | D:12     | Noticed a two-headed ogre
 11755 | D:12     | Killed a two-headed ogre
 11759 | D:12     | Reached skill level 1 in Crossbows
 11763 | D:12     | Received a gift from Okawaru
 11764 | D:12     | Got an ivory broad axe {god gift}
 11768 | D:12     | Identified the +6 broad axe "Keivest" {flame, rN+ Str+2} (Okawaru gifted it to you on level 12 of the Dungeon)
 12372 | D:12     | Found a flagged portal.
 12374 | D:12     | Noticed an unseen horror
 12396 | D:12     | Killed an unseen horror
 12396 | D:12     | Received a gift from Okawaru
 12615 | D:13     | Noticed Sonja
 12620 | D:13     | Killed Sonja
 12964 | D:13     | Reached XP level 13. HP: 101/101 MP: 18/18
 13439 | D:13     | Got a jewelled war axe
 13440 | D:13     | Identified the +6 war axe "Worm's Wrath" {freeze, MR+ Int+3} (You found it on level 13 of the Dungeon)
 13555 | D:13     | Received a gift from Okawaru
 13822 | D:13     | Reached skill level 10 in Stealth
 13850 | D:13     | Received a gift from Okawaru
 14436 | Lair:1   | Killed a five-headed hydra
 14554 | Lair:1   | Got a jewelled long sword
 14577 | Lair:1   | Identified the +7 long sword "Huvuux" {distort, +Fly rElec MP-9 Str+3 Int-2} (You found it on level 1 of the Lair of Beasts)
 15023 | Lair:1   | Noticed a six-headed hydra
 15032 | Lair:1   | Killed a one-headed hydra
 15032 | Lair:1   | Reached skill level 10 in Shields
 15643 | Lair:1   | You are sucked into a shaft!
 15901 | Lair:2   | Received a gift from Okawaru
 15908 | Lair:2   | Got a crude fustibalus {god gift}
 15909 | Lair:2   | Identified the +7 fustibalus of Demonkind {velocity, *Contam rPois Stlth+} (Okawaru gifted it to you on level 2 of the Lair of Beasts)
 15940 | Lair:2   | Gained mutation: You expend magic power (3 MP) to strengthen your wands. [mutagenic glow]
 16777 | Lair:3   | Noticed a six-headed hydra
 16787 | Lair:3   | Reached skill level 10 in Fighting
 16796 | Lair:3   | Killed a two-headed hydra
 16796 | Lair:3   | Reached XP level 14. HP: 66/110 MP: 17/19
 17341 | Lair:3   | Noticed Nergalle
 17349 | Lair:3   | Received a gift from Okawaru
 17371 | Lair:3   | Killed Nergalle
 17476 | Lair:3   | Noticed Harold
 17503 | Lair:3   | Killed Harold
 17503 | Lair:3   | Received a gift from Okawaru
 17641 | Lair:3   | Found a staircase to the Shoals.
 17697 | Lair:3   | Noticed Fannar
 17729 | Lair:3   | Killed Fannar
 17983 | Lair:4   | Reached skill level 5 in Crossbows
 18089 | Lair:4   | Reached skill level 10 in Armour
 18333 | Lair:4   | Found a hole to the Spider Nest.
 19045 | Lair:5   | Found a labyrinth entrance.
 19068 | Lab      | Entered a labyrinth
 19248 | Lab      | Received a gift from Okawaru
 20075 | Lab      | Received a gift from Okawaru
 20082 | Lab      | Identified Vubus's Disquisition on Mutagenic Confrontation
 20347 | Lair:5   | Noticed Josephine
 20420 | Lair:5   | Killed Josephine
 20420 | Lair:5   | Received a gift from Okawaru
 20606 | Lair:5   | Found a staircase to the Slime Pits.
 21016 | Lair:5   | Received a gift from Okawaru
 21028 | Lair:5   | Reached XP level 15. HP: 80/118 MP: 19/21
 21483 | Lair:6   | Entered Level 6 of the Lair of Beasts
 21542 | Lair:6   | Noticed ultrashaft's ghost (journeyman SpEn)
 21583 | Lair:6   | Killed ultrashaft's ghost
 22068 | Lair:5   | Received a gift from Okawaru
 22071 | Lair:5   | Got a bloodstained shield {god gift}
 22082 | Lair:5   | Identified the -3 shield of Idealism {+Blink} (Okawaru gifted it to you on level 5 of the Lair of Beasts)
 22338 | Lair:6   | Reached skill level 10 in Evocations
 22623 | Lair:6   | Reached skill level 10 in Axes
 23592 | Lair:6   | Received a gift from Okawaru
 24166 | Lair:6   | HP: 4/120 [acid (11)]
 25188 | Lair:6   | Reached XP level 16. HP: 64/127 MP: 23/23
 25451 | Lair:4   | Received a gift from Okawaru
 25452 | Lair:4   | Got a pair of jewelled boots {god gift}
 25463 | Lair:4   | Identified the +0 pair of boots "Emenygos" {rN+ Dex+4 SInv} (Okawaru gifted it to you on level 4 of the Lair of Beasts)
 25729 | Orc:1    | Entered Level 1 of the Orcish Mines
 25759 | Orc:1    | Found a roughly hewn altar of Beogh.
 25858 | Orc:1    | Noticed Erolcha
 25871 | Orc:1    | Killed Erolcha
 26210 | Orc:2    | Entered Level 2 of the Orcish Mines
 26240 | Orc:2    | Found a staircase to the Elven Halls.
 27385 | Orc:2    | Reached skill level 10 in Dodging
 27408 | Orc:2    | Found Weocwi's Antique Weapon Shop.
 27408 | Orc:2    | Found Qekhler's Book Emporium.
 27410 | Orc:2    | Found Laniesi's Antique Armour Shop.
 27410 | Orc:2    | Found Uxejest's Weapon Emporium.
 27554 | Orc:2    | Found a roughly hewn altar of Beogh.
 27832 | Shoals:1 | Entered Level 1 of the Shoals
 28732 | Shoals:1 | Received a gift from Okawaru
 28733 | Shoals:1 | Got a distressingly furry shield {god gift}
 29249 | Shoals:1 | Identified the +0 shield "Okoehuw" {rN+ Stlth+} (Okawaru gifted it to you on level 1 of the Shoals)
 30088 | Shoals:2 | Found Sissu's Weapon Shop.
 30195 | Shoals:2 | Noticed a kraken
 30212 | Shoals:2 | Killed a kraken
 30283 | Shoals:2 | You are sucked into a shaft!
 30283 | Shoals:3 | Noticed Polyphemus
 31716 | Spider:1 | Entered Level 1 of the Spider Nest
 31837 | Spider:1 | Received a gift from Okawaru
 31837 | Spider:1 | Reached XP level 17. HP: 41/137 MP: 25/25
 31838 | Spider:1 | Got a twisted arbalest {god gift}
 32134 | Lair:4   | Identified the +7 arbalest "Punniboq" {freeze, rC+ Dex-3 Stlth+} (Okawaru gifted it to you on level 1 of the Spider Nest)
 32493 | D:14     | Found a flickering gateway to a bazaar.
 32499 | Bazaar   | Entered a bazaar
 32531 | Bazaar   | Found Weud's Book Shoppe.
 32580 | Bazaar   | Found Tivuepp's Magic Scroll Boutique.
 32591 | Bazaar   | Found Meydead's Magic Scroll Shoppe.
 32639 | Bazaar   | Found Fim Ifea's Gadget Shoppe.
 32667 | Bazaar   | Bought a scroll of fear for 49 gold pieces
 32678 | Bazaar   | Bought a scroll of fear for 52 gold pieces
 32689 | Bazaar   | Bought a scroll of fog for 28 gold pieces
 32689 | Bazaar   | Bought a scroll of identify for 28 gold pieces
 32689 | Bazaar   | Bought a scroll of identify for 28 gold pieces
 32689 | Bazaar   | Bought a scroll of identify for 28 gold pieces
 32689 | Bazaar   | Bought a scroll of identify for 28 gold pieces
 32700 | Bazaar   | Bought a scroll of identify for 30 gold pieces
 32700 | Bazaar   | Bought a scroll of identify for 30 gold pieces
 32700 | Bazaar   | Bought a scroll of identify for 30 gold pieces
 32700 | Bazaar   | Bought a scroll of identify for 30 gold pieces
 32769 | D:14     | Found Nuicrashra's Antique Weapon Emporium.
 33207 | D:14     | Found Buprumun's Assorted Antiques.
 33220 | D:14     | Bought a scroll of enchant armour for 262 gold pieces
 33220 | D:14     | Bought an embroidered scarf for 280 gold pieces
 33379 | D:14     | Found a gate to the Vaults.
 33399 | D:14     | Found Cyesue's Weapon Boutique.
 33402 | D:14     | Bought a +0 executioner's axe for 160 gold pieces
 33695 | D:15     | Entered Level 15 of the Dungeon
 34395 | D:15     | Found a staircase to the Depths.
 34411 | D:15     | Received a gift from Okawaru
 34528 | D:15     | Found Gyeplyud's Armour Boutique.
 34956 | Elf:1    | Entered Level 1 of the Elven Halls
 35807 | Elf:1    | Received a gift from Okawaru
 36645 | Elf:1    | Received a gift from Okawaru
 37115 | Elf:1    | Received a gift from Okawaru
 38382 | Elf:1    | Received a gift from Okawaru
 38762 | Elf:1    | Noticed a Brimstone Fiend
 39065 | Depths:1 | Entered Level 1 of the Depths
 39078 | D:15     | Identified a +1 pair of boots of running (Okawaru gifted it to you on level 1 of the Elven Halls)
 40170 | Shoals:2 | Reached XP level 18. HP: 98/146 MP: 27/27
 41282 | Shoals:3 | Killed Polyphemus
 42147 | Shoals:3 | HP: 5/147 [catoblepas[Polyphemus] (10)]
 42147 | Shoals:3 | HP: 1/147 [death yak[Polyphemus] (4)]
 42148 | Shoals:3 | Slain by a catoblepas

Skill      XL: |  1  2  3  4  5  6  7  8  9 10 11 12 13 14 15 16 17 18 |
---------------+-------------------------------------------------------+-----
Stealth        | 1 3 4 5 6 8 9 10 | 10.8
Dodging        | 1 2 3 4 5 6 7 8 9 10 11 | 11.1
Shields        | 4 5 6 7 8 9 10 | 10.3
Fighting       | 4 5 6 7 8 9 10 11 12 13 14 | 14.4
Armour         | 4 5 6 7 8 9 10 12 13 14 | 14.8
Axes           | 3 4 5 6 7 8 9 10 11 12 | 12.1
Evocations     | 1 3 4 5 6 7 9 10 11 12 | 12.3
Invocations    | 1 3 5 6 7 |  7.7
Long Blades    | 2 3 |  3.4
Crossbows      | 2 4 5 |  5.9

Action                   |  1- 3 |  4- 6 |  7- 9 | 10-12 | 13-15 | 16-18 || total
-------------------------+-------+-------+-------+-------+-------+-------++-------
Melee: War axe           |   112 |   118 |   310 |   458 |       |   155 ||  1153
       Glaive            |       |       |       |    25 |       |       ||    25
       Hand axe          |       |       |       |   370 |  1689 |  1597 ||  3656
       Broad axe         |       |       |       |       |    87 |     8 ||    95
 Fire: Arbalest          |       |       |       |       |       |     7 ||     7
Invok: Heroism           |       |       |     2 |    10 |    12 |    12 ||    36
       Finesse           |       |       |       |       |       |     2 ||     2
 Abil: Dig               |       |       |       |       |     6 |     3 ||     9
Evoke: Wand              |       |       |       |       |    10 |     4 ||    14
  Use: Potion            |       |       |     2 |     2 |     3 |    23 ||    30
       Scroll            |       |       |       |    20 |    12 |    30 ||    62
 Stab: Distracted        |       |       |     2 |       |       |     4 ||     6
       Sleeping          |       |       |     1 |       |       |       ||     1
  Eat: Chunk             |       |     4 |    14 |    17 |    26 |    31 ||    92
       Meat ration       |       |       |       |     2 |     2 |     1 ||     5
       Royal jelly       |       |       |       |     2 |     2 |     6 ||    10
       Fruit             |       |       |       |     1 |     8 |     7 ||    16
Armor: Scale mail        |    65 |    41 |    97 |    16 |       |       ||   219
       Chain mail        |       |       |       |   222 |   119 |       ||   341
       Plate armour      |       |       |       |       |   250 |   334 ||   584
Dodge: Dodged            |    46 |    25 |   119 |   259 |   407 |   469 ||  1325
Block: Shield            |    81 |    72 |   172 |   494 |   985 |   889 ||  2693
